 Dungeon Crawl Stone Soup version 0.28.0-53-g5a82cb258f (webtiles) character file.

Game seed: 612428747972990120

272 mess the Firebug (level 6, -1/32 HPs)
             Began as a Deep Elf Fire Elementalist on Aug 10, 2022.
             Was an Initiate of Sif Muna.
             Slain by an orc wizard
             ... wielding a +0 dagger
              (2 damage)
             ... on level 4 of the Dungeon.
             The game lasted 00:16:06 (3508 turns).

mess the Firebug (Deep Elf Fire Elementalist)       Turns: 3508, Time: 00:16:08

Health: -1/32      AC:  4    Str:  5    XL:     6   Next: 2%
Magic:  8/15       EV: 13    Int: 22    God:    Sif Muna [......]
Gold:   108        SH:  0    Dex: 15    Spells: 12/15 levels left

rFire   . . .      SeeInvis .   i - +9 sword of Zonguldrok {reap}
rCold   . . .      Faith    .   d - orb {mayhem}
rNeg    . . .      Spirit   .   a - +0 robe
rPois   .          Reflect  .   k - +0 helmet
rElec   .          Harm     .   (no cloak)
rCorr   .          Rampage  .   j - +0 pair of gloves
Will    .....                   (no boots)
Stlth   +.........              (no amulet)
HPRegen 0.10/turn               (no ring)
MPRegen 0.14/turn               (no ring)

@: confused
A: no striking features
a: Renounce Religion


You were on level 4 of the Dungeon.
You worshipped Sif Muna.
Sif Muna was noncommittal.
You visited 1 branch of the dungeon, and saw 4 of its levels.

You collected 108 gold pieces.

Inventory:

Hand Weapons
 i - the +9 sword of Zonguldrok (weapon) {reap}
   (You found it on level 2 of the Dungeon)

   Any living foe damaged by it may be reanimated upon death as a zombie
   friendly to the wielder, with an increasing chance as more damage is dealt.
Armour
 a - a +0 robe (worn)
 d - an orb of mayhem (worn)
 j - a +0 pair of gloves (worn)
 k - a +0 helmet (worn)
Wands
 c - a wand of flame (18)
Scrolls
 b - 4 scrolls of identify
Potions
 e - a potion of invisibility
 g - a potion of ambrosia


   Skills:
 - Level 3.3 Dodging
 - Level 3.2 Stealth
 + Level 5.0 Spellcasting
 + Level 3.1 Conjurations
 * Level 5.1 Fire Magic


You had 12 spell levels left.
You knew the following spells:

 Your Spells              Type           Power      Damage    Failure   Level
a - Foxfire               Conj/Fire      92%        2x1d8     1%          1
b - Scorch                Fire           56%        2d7       1%          2

Your spell library contained the following spells:

 Spells                   Type           Power      Damage    Failure   Level
 Conjure Flame            Conj/Fire      23%        6-21      5%          3
 Sting                    Tmut/Pois      20%        1d4       10%         1
 Inner Flame              Hex/Fire       16%        N/A       11%         3
 Poisonous Vapours        Pois/Air       10%        N/A       16%         2
 Flame Wave               Conj/Fire      23%        2d7       19%         4
 Fireball                 Conj/Fire      11%        3d7       45%         5
 Olgreb's Toxic Radiance  Pois           5%         N/A       69%         4
 Starburst                Conj/Fire      11%        6d5       96%         6
 Ozocubu's Refrigeration  Ice            2%         4d5       100%        7
 Ignition                 Fire           14%        3d6       100%        8


Dungeon Overview and Level Annotations

Branches:
Dungeon (4/15)
 Temple: D:4-7

Altars:
Nemelex Xobeh
Sif Muna
Yredelemnul

Shops:
D:3 :


Message History

Something barely misses you.
Casting: Foxfire (safe; 1% risk of failure)
Confirm with . or Enter, or press ? or * to list all spells.
Nothing appears to happen.
The orc wizard hits you with a +0 dagger.
The orc hits you but does no damage. Something hits you.
You closely miss something.
The orc wizard gestures at you while chanting.
The magic dart hits you! The orc hits you with a +0 dagger.
Something hits you but does no damage.
The orc wizard hits you with a +0 dagger.
The orc hits you with a +0 dagger.
Unknown command.
Casting: Foxfire (safe; 1% risk of failure)
Confirm with . or Enter, or press ? or * to list all spells.
Nothing appears to happen.
You hear some strange, mumbled words.
You are confused.
The orc wizard misses you. The orc misses you.
You bump into the rock wall.
You hear some strange, mumbled words.
A magic dart appears from out of thin air!
The magic dart hits you.
* * * LOW HITPOINT WARNING * * *
The orc wizard barely misses you. The orc closely misses you.
You're too confused to cast spells.
Okay, then.
You are too confused!
Unknown command.
Okay, then.
You're too confused to cast spells.
You bump into the rock wall.
Something hits you.
* * * LOW HITPOINT WARNING * * *
The orc wizard hits you with a +0 dagger.
* * * LOW HITPOINT WARNING * * *
The orc hits you with a +0 dagger.
* * * LOW HITPOINT WARNING * * *
Okay, then.
You're too confused to move!
Something hits you.
You die...

.........
#o.P.P..#
####.o._...#
#...).P.P...
#...ยง......#
...... ..#
####..####o#
#.......go@#
#####..###{#
##.###.#
#..##.#
######.##.#
#.......#.#
#......[#.#
#.......#.#
#.......#.#


You could see an orc wizard, an orc and a goblin.

Vanquished Creatures
  A jelly (D:4)
  An orc priest (D:3)
  Jessica (D:3)
  An orc wizard (D:3)
  5 adders
  A gnoll (D:3)
  3 worms
  2 dart slugs
  3 orcs
  8 bats
  9 endoplasms
  2 giant cockroaches
  4 goblins
  6 hobgoblins
  8 jackals
  3 kobolds
  3 quokkas
  5 ball pythons
  2 frilled lizards
  4 rats
72 creatures vanquished.

Vanquished Creatures (collateral kills)
  2 gnolls (D:3)
2 creatures vanquished.

Vanquished Creatures (others)
  A gnoll (D:3)
  An orc (D:3)
  176 foxfires
  3 plants (D:4)
  A withered plant (D:4)
182 creatures vanquished.

Grand Total: 256 creatures vanquished

Notes
Turn   | Place    | Note
-------+----------+-------------------------------------------
     0 | D:1      | mess the Deep Elf Fire Elementalist began the quest for the
                  | Orb.
     0 | D:1      | Reached XP level 1. HP: 10/10 MP: 6/6
   196 | D:1      | Reached XP level 2. HP: 14/15 MP: 5/8
   518 | D:1      | Learned a level 2 spell: Scorch
   840 | D:1      | Reached XP level 3. HP: 19/19 MP: 7/10
  1496 | D:2      | Found the +9 sword of Zonguldrok {reap}
  1602 | D:2      | Reached XP level 4. HP: 24/24 MP: 8/12
  2196 | D:3      | Found a faded altar of an unknown god.
  2203 | D:3      | Found a sparkling altar of Nemelex Xobeh.
  2347 | D:3      | Reached XP level 5. HP: 28/28 MP: 4/13
  2908 | D:3      | Found Gyuwn's Book Boutique.
  2984 | D:3      | Noticed Jessica
  2988 | D:3      | Killed Jessica
  2989 | D:3      | Reached skill level 5 in Fire Magic
  3016 | D:3      | Found a shimmering blue altar of Sif Muna.
  3208 | D:3      | Became a worshipper of Sif Muna the Loreminder
  3453 | D:4      | Reached skill level 5 in Spellcasting
  3453 | D:4      | Reached XP level 6. HP: 32/32 MP: 11/15
  3486 | D:4      | Found a basalt altar of Yredelemnul.
  3507 | D:4      | HP: 1/32 [orc/+0 dagger (1)]
  3508 | D:4      | Slain by an orc wizard

Illustrated notes

Levels and vault maps discovered:
D:1:      dpeg_arrival_line_fractal, layout_basic
D:2:      layout_loops_ring, skrybe_limestone_x, chequers_serial_rivers_micro_c
D:3:      layout_rooms, mainiacjoe_overflow_cross_hatched, tgw_sif,
          serial_shops, nicolae_shop_stone, nicolae_ecumenical_lake_church
D:4:      layout_basic, gammafunk_temple_overflow_forgotten,
          yredelemnul_altar_generic

Skill      XL: |  1  2  3  4  5 |
---------------+----------------+-----
Fire Magic     | 4 5 |  5.1
Spellcasting   | 4 5 |  5.0
Conjurations   | 2 3 |  3.1
Dodging        | 3 |  3.3
Stealth        | 3 |  3.2

Action                   |  1- 3 |  4- 6 || total
-------------------------+-------+-------++-------
Melee: Double sword      |       |    11 ||    11
 Cast: Foxfire           |    65 |    73 ||   138
       Scorch            |    10 |     3 ||    13
  Use: Scroll            |       |     3 ||     3
       Potion            |       |     3 ||     3
 Stab: Sleeping          |       |     1 ||     1
Armor: Robe              |     9 |     8 ||    17
Dodge: Dodged            |    22 |    12 ||    34
